 Dungeon Crawl Stone Soup version 0.30.0-15-g856e2d3f33 (webtiles) character file.

Game seed: 4282825421883994978

74 qw the Chopper (level 4, -8/28 HPs)
             Began as a Gargoyle Fighter on May 20, 2023.
             Killed by divine providence
             ... invoked by an orc priest
              (14 damage)
             ... on level 3 of the Dungeon.
             The game lasted 00:00:53 (2276 turns).

qw the Chopper (Gargoyle Fighter)                   Turns: 2276, Time: 00:00:53

Health: -8/28      AC: 16    Str: 20 (21) XL:     4   Next: 30%
Magic:  4/4        EV:  7    Int:  7 (9)  God:
Gold:   113        SH:  4    Dex:  6 (9)  Spells: 3/3 levels left

rFire   . . .        Y - +0 war axe
rCold   . . .        c - +0 buckler
rNeg    + . .        l - +0 chain mail
rPois   inf          m - +0 helmet
rElec   +            n - +0 cloak
rCorr   .            a - +0 pair of gloves
SInv    .            (no boots)
Will    .....        g - amulet of the acrobat Stlth
                     (no ring)
HPRegen 0.24/turn    (no ring)
MPRegen 0.09/turn

%: acrobat
@: no status effects
A: sickness immunity, AC +3, negative energy resistance 1, electricity
resistance, torment resistance 1, petrification resistance
a: no special abilities


You were on level 3 of the Dungeon.
You visited 1 branch of the dungeon, and saw 3 of its levels.

You collected 113 gold pieces.


Innate Abilities, Weirdness & Mutations

You are immune to sickness and miasma.
Your stone body is resilient. (AC +3)
You are immune to poison.
You resist negative energy. (rN+)
You are resistant to electric shocks. (rElec)
You are resistant to unholy torment.
You are immune to petrification.


   Skills:
 - Level 3.2 Fighting
 + Level 4.0 Axes
 - Level 3.2 Armour
 - Level 3.2 Shields


You had 3 spell levels left.
You didn't know any spells.
Your spell library was empty.

Inventory:

Hand Weapons
 b - a +0 flail
 Y - a +0 war axe (weapon)
Armour
 a - a +0 pair of gloves (worn)
 c - a +0 buckler (worn)
 l - a +0 chain mail (worn)
 m - a +0 helmet (worn)
 n - a +0 cloak (worn)
Jewellery
 g - an amulet of the acrobat (around neck)
Scrolls
 j - a scroll of identify
Potions
 d - 2 potions of might
 e - a potion of mutation
 k - a potion of attraction
 o - a potion of cancellation

Dungeon Overview and Level Annotations

Branches:
Dungeon (3/15)

Altars:


Message History

The orc priest barely misses you.
You hit the orc priest.
The orc priest is lightly wounded.
The orc priest looks encouraged for a moment.
The orc priest looks braver for a moment.
An orc comes into view. It is wielding a +0 mace.
The orc shouts!
You hit the orc priest but do no damage.
The orc priest is lightly wounded.
You hear a shout!
The orc priest mumbles some strange prayers to Beogh against you.
You barely resist. You slash the orc priest!
The orc priest is severely wounded.
You hit the orc.
The orc priest mumbles some strange prayers to Beogh against you.
Beogh smites you!
Ouch! That really hurt!
The orc hits you but does no damage.
You closely miss the orc priest.
The orc priest is severely wounded.
You barely miss the orc. The orc hits you but does no damage.
The orc priest calls down the wrath of Beogh upon you.
Pain shoots through your body!
The orc priest hits you but does no damage.
The orc hits you but does no damage.
You barely miss the orc priest.
The orc priest is severely wounded.
You barely miss the orc.
The orc priest hits you with a +0 hand axe.
The orc hits you but does no damage.
You barely miss the orc priest.
The orc priest is severely wounded.
You hit the orc. The orc hits you but does no damage.
The orc priest mumbles some strange prayers to Beogh against you.
Beogh smites you!
Ouch! That really hurt!
You die...

#....
#....
#...#
#...##
#..>.
#...####.#
#...o....#
#.@####
#.o..<#
#.#####
....
###.## #.#
#.# #.#
.(.


You could see an orc priest and an orc.

Vanquished Creatures
  2 adders (D:2)
  A gnoll (D:2)
  A worm (D:2)
  A dart slug (D:2)
  6 ball pythons
  5 endoplasms
  2 giant cockroaches
  3 goblins
  3 hobgoblins (D:1)
  4 kobolds
  5 quokkas
  2 bats (D:2)
  A rat (D:2)
36 creatures vanquished.

Notes
Turn   | Place    | Note
-------+----------+-------------------------------------------
     0 | D:1      | qw the Gargoyle Fighter began the quest for the Orb.
     0 | D:1      | Reached XP level 1. HP: 14/14 MP: 1/1
     0 | D:1      | 0 ||| qw: Version: 0.2-a-97-g6b18286
     0 | D:1      | 0 ||| qw: Game counter: 10
     0 | D:1      | 0 ||| qw: Always use a shield: true
     0 | D:1      | 0 ||| qw: God list: Okawaru
     0 | D:1      | 0 ||| qw: Allow faded altars: false
     0 | D:1      | 0 ||| qw: Do Orc after D:15 true
     0 | D:1      | 0 ||| qw: Do second Lair branch before Depths: true
     0 | D:1      | 0 ||| qw: Lair rune preference: random
     0 | D:1      | 0 ||| qw: Plans: Normal, Zot:1-4, God:TSO, Crypt, Tomb,
                  | Pan, Slime:5, Hells, Abyss, Win
     0 | D:1      | 0 ||| PLANNING D:1-11
    89 | D:1      | Reached skill level 2 in Axes
   213 | D:1      | Reached XP level 2. HP: 19/19 MP: 2/2
   944 | D:1      | Reached skill level 3 in Axes
   980 | D:1      | 980 ||| UPGRADING to +0 chain mail.
   990 | D:1      | 990 ||| DROPPING +0 scale mail.
   991 | D:1      | 991 ||| UPGRADING to +0 helmet.
   996 | D:1      | 996 ||| READING 3 scrolls labelled IBIKES QOVVIDGH.
   997 | D:1      | 997 ||| READING scroll labelled AROAGH MASTIR.
   998 | D:1      | 998 ||| READING 3 scrolls labelled JACWEG ERAAM.
   999 | D:1      | 999 ||| DRINKING 2 grey potions.
  1000 | D:1      | 1000 ||| READING 2 scrolls of identify.
  1000 | D:1      | 1000 ||| IDENTIFYING fizzy inky potion
  1001 | D:1      | 1001 ||| DROPPING 2 scrolls of magic mapping.
  1074 | D:2      | 1074 ||| Stepping ~*~*~tactically~*~*~ (stealth).
  1076 | D:2      | 1076 ||| Stepping ~*~*~tactically~*~*~ (hiding).
  1084 | D:2      | Reached XP level 3. HP: 23/23 MP: 3/3
  1262 | D:2      | 1262 ||| Stepping ~*~*~tactically~*~*~ (stealth).
  1328 | D:2      | 1328 ||| Stepping ~*~*~tactically~*~*~ (stealth).
  1370 | D:2      | 1370 ||| DROPPING +0 whip.
  1420 | D:2      | 1420 ||| UPGRADING to amulet of the acrobat.
  1425 | D:2      | 1425 ||| READING scroll labelled MITRAN EHUKU.
  1508 | D:2      | Reached XP level 4. HP: 28/28 MP: 4/4
  1681 | D:2      | 1681 ||| Stepping ~*~*~tactically~*~*~ (stealth).
  1682 | D:2      | 1682 ||| Stepping ~*~*~tactically~*~*~ (stealth).
  1684 | D:2      | 1684 ||| Stepping ~*~*~tactically~*~*~ (stealth).
  1710 | D:2      | 1710 ||| Stepping ~*~*~tactically~*~*~ (stealth).
  1717 | D:2      | Reached skill level 4 in Axes
  2217 | D:2      | 2217 ||| UPGRADING to +0 pair of gloves.
  2222 | D:2      | 2222 ||| UPGRADING to +0 cloak.
  2227 | D:2      | 2227 ||| DROPPING amulet of faith.
  2228 | D:2      | 2228 ||| READING scroll labelled KOXEUH ZUIDIOFF.
  2229 | D:2      | 2229 ||| DRINKING 2 bubbling blue potions.
  2230 | D:2      | 2230 ||| READING 3 scrolls of identify.
  2230 | D:2      | 2230 ||| IDENTIFYING fuming golden potion
  2231 | D:2      | 2231 ||| READING 2 scrolls of identify.
  2231 | D:2      | 2231 ||| IDENTIFYING brown potion
  2232 | D:2      | 2232 ||| DROPPING potion of degeneration.
  2233 | D:2      | 2233 ||| DROPPING potion of brilliance.
  2266 | D:3      | 2266 ||| Stepping ~*~*~tactically~*~*~ (hiding).
  2275 | D:3      | HP: 5/28 [orc priest/+0 hand axe (3)]
  2276 | D:3      | Killed from afar by an orc priest

Levels and vault maps discovered:
D:1:      dpeg_arrival_orchard, layout_loops_corners,
          nicolae_figureground_sparkle
D:2:      layout_basic, serial_co_window_serial, co_window_paths_a,
          co_window_paths_b, co_window_paths_a, co_window_of_opportunity_a,
          co_window_corner_a, co_window_corner_ca, co_window_broadway_b,
          co_window_broadway_b, co_window_of_opportunity_b,
          co_window_broadway_a, co_window_corner_b, st_stairs_4,
          minmay_split_cup_large
D:3:      layout_basic, mainiacjoe_overflow_small_starburst, serial_glass,
          glass_columns_a, glass_columns_c, kennysheep_generic_room_9,
          uniq_ijyb, uniq_grinder

Skill      XL: |  1  2  3  4 |
---------------+-------------+-----
Axes           | 2 3 4 |  4.0
Fighting       | |  3.2
Armour         | |  3.2
Shields        | |  3.2

Action                     |  1- 3 |  4- 6 || total
---------------------------+-------+-------++-------
  Melee: War axe           |    88 |    22 ||   110
    Use: Scroll            |     5 |     3 ||     8
         Potion            |     1 |     1 ||     2
 Armour: Scale mail        |    21 |       ||    21
         Chain mail        |    25 |    13 ||    38
  Dodge: Dodged            |    27 |     3 ||    30
  Block: Buckler           |    19 |     3 ||    22

Table legend:
 A = Non-vault XP
 B = Vault XP
 C = Vault XP percentage of total XP
 D = Non-vault monster count
 E = Vault monster count
 F = Vault count percentage of total count
                 A         B        C        D         E       F
            +---------+---------+-------+---------+---------+-------
      Total |      86 |      21 |  19.6 |      31 |       5 |  13.9
            +---------+---------+-------+---------+---------+-------
        D:1 |      31 |       0 |   0.0 |      16 |       0 |   0.0
        D:2 |      54 |      21 |  28.0 |      14 |       5 |  26.3
        D:3 |       1 |       0 |   0.0 |       1 |       0 |   0.0
            +---------+---------+-------+---------+---------+-------
